Cogmind - Beta 13 @@@ ROGUE MODE // 2024.04.15 @ 13:18:50 Player: Pepsi Result: Destroyed by D-53 Grenadier with Mini Grenade Launcher Performance ------------- Evolutions (0) 0 Regions Visited (4) 800 Robots Destroyed (23) 115 Value Destroyed (369) 369 Prototype IDs (0) 0 Alien Tech Used (0) 0 Bonus (300) 300 TOTAL SCORE: 1584 Bonus ------- Aligned with FarCom 300 Cogmind --------- Core Integrity 0/250 Matter 249/300 Energy 100/100 System Corruption 0% Temperature Warm (124) Movement Walking (190) Ox1 Location -9/Mines Parts ------- > --- POWER (1) -------- (None) > --- PROPULSION (2) --- Aluminum Leg > --- UTILITY (2) ------ Small Storage Unit > --- WEAPON (2) ------- Advanced Assault Cannon > --- INVENTORY (8) ---- Aluminum Leg Aluminum Leg Heat Sink Seismic Detector 0b10 Alert Chip EM Shotgun Lightning Gun Peak State ------------ > --- POWER ------------ Light Ion Engine > --- PROPULSION ------- Aluminum Leg Aluminum Leg > --- UTILITY ---------- Small Storage Unit Kinecellerator > --- WEAPON ----------- Beam Cannon Advanced Assault Cannon > --- INVENTORY -------- Aluminum Leg Aluminum Leg Heat Sink Seismic Detector 0b10 Alert Chip EM Shotgun Lightning Gun Lightning Gun [Rating: 15] Favorites ----------- Power Ion Engine Engine Ion Engine Propulsion Aluminum Leg Leg Aluminum Leg Utility Small Storage Unit Device Kinecellerator Storage Small Storage Unit Hackware Hacking Suite Weapon Assault Rifle Energy Gun Lightning Gun Energy Cannon Beam Cannon Ballistic Gun Assault Rifle Ballistic Cannon Advanced Assault Cannon Special Melee Weapon Datajack Build | -11 -10 -10 -10 -9 ------- Run | Yrd Mat Min Exi Min Slots Evolved . | . . . . . Power . | . . . . . Propulsion . | . . . . . Utility . | . . . . . Weapon . | . . . . . Parts Attached 23 | 6 11 . . 6 Power 4 | 1 1 . . 2 Engine 4 | 1 1 . . 2 Core . | . . . . . Reactor . | . . . . . Propulsion 6 | 2 3 . . 1 Treads . | . . . . . Leg 6 | 2 3 . . 1 Wheel . | . . . . . Hover . | . . . . . Flight . | . . . . . Utility 4 | 1 2 . . 1 Device 1 | . . . . 1 Storage 1 | 1 . . . . Processor . | . . . . . Hackware 2 | . 2 . . . Protection . | . . . . . Artifact . | . . . . . Weapon 9 | 2 5 . . 2 Energy Gun 1 | . . . . 1 Energy Cannon 1 | . 1 . . . Ballistic Gun 5 | 2 3 . . . Ballistic Cannon 1 | . . . . 1 Launcher . | . . . . . Special Weapon . | . . . . . Impact Weapon . | . . . . . Slashing Weapon . | . . . . . Piercing Weapon . | . . . . . Special Melee Weapon 1 | . 1 . . . Unidentified Prototypes . | . . . . . Parts Lost 11 | . 3 . . 8 Power 3 | . 1 . . 2 Propulsion 2 | . . . . 2 Utility 3 | . 1 . . 2 Weapon 3 | . 1 . . 2 Highest Loss Streak 5 | . 2 . . 5 To Critical Strikes . | . . . . . Average Slot Usage (%) 93 | . 85 100 100 98 Engine 13 | . 13 14 14 13 Leg 26 | . 25 28 28 27 Device 1 | . . . . 7 Storage 14 | . 14 14 14 14 Hackware 9 | . 6 14 14 5 Energy Cannon 8 | . 1 14 14 13 Ballistic Gun 15 | . 21 14 14 5 Ballistic Cannon 1 | . . . . 8 Naked Turns . | . . . . . Heaviest Build 23 | 14 15 15 15 23 Greatest Support 20 | 20 20 20 20 20 Greatest Overweight (x) 1 | 1 1 . . 1 Average Overweight (x) . | . . . . . Largest Inventory Capacity 8 | 8 8 8 8 8 Average Capacity 7 | 7 8 8 8 8 Most Carried 8 | 7 8 8 8 8 Average Carried 6 | 3 4 7 7 7 Final Capacity 8 | 8 8 8 8 8 Final Carried 8 | 2 8 8 7 7 Class Distribution -------------------- 100% | Mutant Dominant Class ---------------- Mutant | -10/Materials Mutant | -10/Mines Mutant | -10/Exiles Mutant | -9/Mines Resources | -11 -10 -10 -10 -9 ----------- Run | Yrd Mat Min Exi Min Matter Collected 722 | 178 288 129 . 127 Remotely . | . . . . . Salvage Created 436 | . 268 . . 168 Parts 42 | . 29 . . 13 Haulers Intercepted . | . . . . . Recyclers Shooed . | . . . . . Parts Field Recycled . | . . . . . Retrieved Matter . | . . . . . Parts Self-Destructed . | . . . . . Prevented . | . . . . . Kills | -11 -10 -10 -10 -9 ------- Run | Yrd Mat Min Exi Min Combat Hostiles Destroyed 19 | . 10 . . 9 Guns 11 | . 10 . . 1 Cannons 8 | . . . . 8 Classes Destroyed 5 | . 4 . . 1 Operator 2 | . 2 . . . Watcher 3 | . 3 . . . Swarmer 14 | . 8 . . 6 Grunt 4 | . 2 . . 2 Assembled 1 | . . . . 1 Best Kill Streak 5 | . 4 . . 5 Combat Bots Only 5 | . 4 . . 5 Max Kills in Single Turn 2 | . 2 . . 2 Gunslinging 1 | . 1 . . . Exploded . | . . . . . Melee . | . . . . . Uniques/NPCs Destroyed . | . . . . . Combat | -11 -10 -10 -10 -9 -------- Run | Yrd Mat Min Exi Min Hostile Shots Fired 155 | . 87 . . 68 Missed 40 | . 23 . . 17 Damage Taken 1457 | . 567 . . 890 Core 252 | . 70 . . 182 Absorbed by Shields . | . . . . . Core Remaining (%) 100 | 100 . . . . Volleys Fired 87 | . 56 . . 31 Largest 2 | . 2 . . 2 Hottest 108 | . 40 . . 108 Shots Fired 157 | . 98 . . 59 Gun 111 | . 98 . . 13 Cannon 46 | . . . . 46 Launcher . | . . . . . Special . | . . . . . Kinetic 129 | . 98 . . 31 Thermal 26 | . . . . 26 Explosive . | . . . . . Electromagnetic 2 | . . . . 2 Robot Hit Streak 5 | . 4 . . 5 Robot Miss Streak 9 | . 7 . . 9 Penetration Max . | . . . . . Secondary Targets 4 | . 4 . . . Max Gunslinging Chain 1 | . 1 . . . Shots Hit Robots 65 | . 42 . . 23 Core Hits 28 | . 18 . . 10 Critical Kills . | . . . . . Critical Parts Destroyed . | . . . . . Critical Strikes . | . . . . . Melee Attacks 2 | . 2 . . . Impact . | . . . . . Slashing . | . . . . . Piercing . | . . . . . Sneak Attacks . | . . . . . Combat Hostiles . | . . . . . Follow-up Attacks . | . . . . . Damage Inflicted 1003 | . 498 . . 505 Guns 617 | . 498 . . 119 Cannons 386 | . . . . 386 Explosions . | . . . . . Melee . | . . . . . Ramming . | . . . . . Kinetic 774 | . 498 . . 276 Thermal 211 | . . . . 211 Explosive . | . . . . . Electromagnetic 18 | . . . . 18 Impact . | . . . . . Slashing . | . . . . . Piercing . | . . . . . Highest Corruption . | . . . . . Average Corruption . | . . . . . Corruption Purged . | . . . . . Corruption Blocked . | . . . . . Overload Shots . | . . . . . Overflow Damage . | . . . . . Projectiles . | . . . . . Explosions . | . . . . . Melee . | . . . . . Knockbacks 1 | . . . . 1 Impact . | . . . . . Kinetic 1 | . . . . 1 Secondary . | . . . . . Self-Inflicted Damage . | . . . . . Shots . | . . . . . Rammed . | . . . . . Targets Rammed . | . . . . . Kicked . | . . . . . Crushed . | . . . . . Highest Temperature 334 | . . . . 334 Average Temperature 130 | . . . . 130 Received Heat Transfer 210 | . 72 . . 138 Siege Activations . | . . . . . Robots Corrupted . | . . . . . Combat Hostiles . | . . . . . Parts Fried . | . . . . . Impact Corruptions . | . . . . . Robots Melted . | . . . . . Combat Hostiles . | . . . . . Parts Melted . | . . . . . Heat Transferred 444 | . . . . 444 Parts Sabotaged . | . . . . . Parts Stolen . | . . . . . Parts Stripped . | . . . . . Power Chain Reactions . | . . . . . Alert | -11 -10 -10 -10 -9 ------- Run | Yrd Mat Min Exi Min Peak Influence 220 | . 220 . . 183 Initial . | . . . . . Average 49 | . 57 . . 56 Maximum Alert Level 1 | . 1 . . . Low Security (%) 97 | 100 95 100 . 100 Level 1 2 | . 4 . . . Level 2 . | . . . . . Level 3 . | . . . . . Level 4 . | . . . . . Level 5 . | . . . . . High Security . | . . . . . Max Security . | . . . . . Squads Dispatched 2 | . 2 . . . Investigation . | . . . . . Extermination . | . . . . . Reinforcement 2 | . 2 . . . Assault . | . . . . . Garrison . | . . . . . Intercept . | . . . . . Searches Triggered . | . . . . . Construction Impeded . | . . . . . Haulers Reinforced . | . . . . . Active Scanning Responses . | . . . . . Cargo Convoy Interrupts . | . . . . . Stealth | -11 -10 -10 -10 -9 --------- Run | Yrd Mat Min Exi Min Distress Signals 1 | . 1 . . . Communications Jammed . | . . . . . Distress Signals . | . . . . . Times Spotted 39 | . 24 . . 15 Peak Tracking Total 6 | . 4 . . 6 Tactical Retreats 1 | . . . . 1 Traps | -11 -10 -10 -10 -9 ------- Run | Yrd Mat Min Exi Min Traps Triggered 2 | . 1 . . 1 Indirectly . | . . . . . Trap Hack Attempts . | . . . . . Triggered . | . . . . . Disarmed . | . . . . . Reprogrammed . | . . . . . Reused . | . . . . . Traps Extracted . | . . . . . Installed . | . . . . . Triggered . | . . . . . Machines | -11 -10 -10 -10 -9 ---------- Run | Yrd Mat Min Exi Min Machines Disabled . | . . . . . Max in Single Turn . | . . . . . Machines Repaired . | . . . . . Machines Dismantled . | . . . . . Machines Sabotaged . | . . . . . Overloaded Fab Kills . | . . . . . Hacking | -11 -10 -10 -10 -9 --------- Run | Yrd Mat Min Exi Min Machines Accessed 10 | . 5 . 4 1 Terminals 3 | . 3 . . . Fabricators . | . . . . . Repair Stations . | . . . . . Recycling Units 2 | . 2 . . . Scanalyzers . | . . . . . Garrison Access . | . . . . . Total Hacks 64 | . 14 . 49 1 Successful 58 | . 8 . 49 1 Failed 6 | . 6 . . . Catastrophic 1 | . 1 . . . Database Lockouts . | . . . . . Manual 1 | . . . 1 . Terminals 8 | . 8 . . . Fabricators . | . . . . . Repair Stations . | . . . . . Recycling Units 6 | . 6 . . . Scanalyzers . | . . . . . Garrison Access . | . . . . . Terminal Hacks 54 | . 4 . 49 1 Record 49 | . . . 49 . Open Door 1 | . . . . 1 Alert Level 1 | . 1 . . . Unreport Threat 1 | . 1 . . . Patrol Status 1 | . 1 . . . Recall Assault 1 | . 1 . . . Fabricator Hacks . | . . . . . Repair Station Hacks . | . . . . . Recycling Unit Hacks 4 | . 4 . . . Retrieve Matter 2 | . 2 . . . Retrieve Components 2 | . 2 . . . Scanalyzer . | . . . . . Garrison Access Hacks . | . . . . . Unauthorized Hacks . | . . . . . Terminals . | . . . . . Fabricators . | . . . . . Repair Stations . | . . . . . Recycling Units . | . . . . . Scanalyzers . | . . . . . Garrison Access . | . . . . . Data Cores Recovered . | . . . . . Used . | . . . . . Hacking Detections 3 | . 3 . . . Full Trace Events . | . . . . . Feedback Events . | . . . . . Feedback Blocked . | . . . . . Robot Schematics Acquired . | . . . . . Robots Built . | . . . . . Authchips . | . . . . . Time . | . . . . . Total Robot Build Rating . | . . . . . Part Schematics Acquired . | . . . . . Parts Built . | . . . . . Authchips . | . . . . . Time . | . . . . . Total Part Build Rating . | . . . . . Parts Repaired . | . . . . . Time . | . . . . . Parts Recycled . | . . . . . Recycled Matter . | . . . . . Retrieved Matter 40 | . 40 . . . Retrieved Components 9 | . 9 . . . Parts Scanalyzed . | . . . . . Part Schematics Acquired . | . . . . . Parts Damaged . | . . . . . Bothacking | -11 -10 -10 -10 -9 ------------ Run | Yrd Mat Min Exi Min Used RIF Installer . | . . . . . Robots Hacked 1 | . 1 . . . Non-combat . | . . . . . Combat 1 | . 1 . . . Robot Hacks Applied 1 | . 1 . . . parse_system 1 | . 1 . . . Relay Couplers Released . | . . . . . Fabnet Peak Effective % . | . . . . . Robots Rewired . | . . . . . Allies Hacked . | . . . . . Hacks Repelled . | . . . . . Allies | -11 -10 -10 -10 -9 -------- Run | Yrd Mat Min Exi Min Total Allies . | . . . . . Largest Group . | . . . . . Highest-Rated Group . | . . . . . Highest-Rated Ally . | . . . . . Total Orders . | . . . . . Ally Attacks . | . . . . . Total Damage . | . . . . . Kills . | . . . . . Allies Corrupted . | . . . . . Allies Melted . | . . . . . Intel | -11 -10 -10 -10 -9 ------- Run | Yrd Mat Min Exi Min Robot Analysis Total . | . . . . . Derelict Logs Recovered 1 | . . . . 1 Drone Launches . | . . . . . Drone Recoveries . | . . . . . Exploration | -11 -10 -10 -10 -9 ------------- Run | Yrd Mat Min Exi Min Turns Passed 2295 | 46 925 156 700 468 Spaces Moved 1541 | 38 569 129 578 227 Core 21 | 21 . . . . Treads . | . . . . . Legs 1520 | 17 569 129 578 227 Wheels . | . . . . . Hover . | . . . . . Flight . | . . . . . Fastest Speed 50 | 50 120 120 120 120 Average Speed 127 | 86 130 120 120 150 Slowest Speed 190 | 120 190 120 120 190 Overloaded Moves . | . . . . . Propulsion Burnouts . | . . . . . Robots Hopped . | . . . . . Cave-ins Triggered . | . . . . . Exploration Rate (%) 49 | 4 73 36 72 62 Regions Visited 4 Branch Regions 3 Pre-discovered Areas 1 | . . . 1 . Known Exits Taken . | . . . . . Unknown Exits Taken 4 | 1 1 1 1 . Scrap Searched 3 | . . 1 . 2 Spaces Dug . | . . . . . Terrain Destroyed 14 | . . . . 14 Melee . | . . . . . Projectile 14 | . . . . 14 AOE . | . . . . . Terrain Rammed . | . . . . . Walls Destroyed . | . . . . . Machines Disabled . | . . . . . Actions | -11 -10 -10 -10 -9 --------- Run | Yrd Mat Min Exi Min Total 1715 | 50 655 130 586 294 Wait 24 | . . . 4 20 Move 1537 | 37 568 128 577 227 Hop . | . . . . . Pick Up 31 | 7 15 1 2 6 Fast Attach 2 | 1 . . . 1 Attach 15 | 5 7 . . 3 Detach . | . . . . . Swap 6 | . 4 . . 2 Drop 11 | . 3 1 3 4 Fire 87 | . 56 . . 31 Melee 2 | . 2 . . . Ram . | . . . . . Kick . | . . . . . Crush . | . . . . . Escape Stasis . | . . . . . Rewire . | . . . . . Trap . | . . . . . Miscellaneous . | . . . . . Route ------- -11/Scrapyard -10/Materials (discovered 2 exits: [*Mat] / [*Min]) -10/Mines -10/Exiles -9/Mines (discovered 1 exit: [*Mat]) History --------- Turn | Location | Event 6 | -11/Scrapyard | Discovered new exit (range 16) 47 | -11/Scrapyard | Entered Materials 317 | -10/Materials | Build established: Mutant 673 | -10/Materials | Discovered new exit (range 10) 925 | -10/Materials | Discovered new exit (range 7) 972 | -10/Materials | Entered Mines 1122 | -10/Mines | Deemed a non-threat by the Exiles lab entrance 1123 | -10/Mines | Discovered new exit (range 5) 1128 | -10/Mines | Entered Exiles 1170 | -10/Exiles | Met 8R-AWN 1196 | -10/Exiles | Met EX-HEX 1262 | -10/Exiles | Met EX-DEC 1317 | -10/Exiles | Learned location of Zion (-7) 1383 | -10/Exiles | Discovered new exit (range 14) 1528 | -10/Exiles | Met EX-BIN 1542 | -10/Exiles | Aligned with FarCom system 1544 | -10/Exiles | Given EX-Vault access code 1581 | -10/Exiles | Opened EX-Vault 1593 | -10/Exiles | Found Prototype Storage 1597 | -10/Exiles | Found Prototype Processor 1676 | -10/Exiles | Warned to stay clear of 0b10 Research branches 1828 | -10/Exiles | Stole two prototypes: 0b10 Alert Chip, Superbattery 1828 | -10/Exiles | Entered Mines 1925 | -9/Mines | Discovered new exit (range 3) 2018 | -9/Mines | Met a Derelict who couldn't figure out how to use a Trap Extractor 2119 | -9/Mines | Core integrity fell below 50% 2175 | -9/Mines | Learned Materials interactive machine intel 2249 | -9/Mines | Assembled infested the area 2293 | -9/Mines | Core integrity fell below 20% 2296 | -9/Mines | Destroyed by D-53 Grenadier with Mini Grenade Launcher Last Messages --------------- squad. 02266_ as-10817 destroyed. 02277_ as-13038 destroyed. 02280_ as-59234 destroyed. 02281_ The unstable cave ceiling collapses. 02285_ Beam Cannon destroyed. 02289_ Kinecellerator destroyed. 02290_ The unstable cave ceiling collapses. 02290_ U-05 Engineer lays Concrete. 02291_ The unstable cave ceiling collapses. 02292_ U-05 Engineer lays Concrete. 02293_ The unstable cave ceiling collapses. 02293_ Aluminum Leg destroyed. 02293_ U-05 Engineer lays Concrete. 02294_ Lightning Gun destroyed. 02294_ Lgt. Ion Engine destroyed. 02294_ U-05 Engineer lays Concrete. 02295_ The unstable cave ceiling collapses. 02295_ U-05 Engineer lays Concrete. 02296_ The unstable cave ceiling collapses. Map ----- +----------------------------------------------------+ | ### ##???##### #???## ##??????? | | ##?## #????????## ##???# ##???????? | | #???# ##?????????####????# ####????????? | | ##???# #??????????????????## ##???????????? | | ##????# ???????????????????## ##????????????? | | ??????# ???????????????????# ##?????????????? | | ??????## ???????????######## #??########????? | | ???????## ??????????? "# ##?# #????? | | ?????????# ??????????? ?##["### """#????? | | ?????????? ??????????????# ##=[[ """#????? | | ?????????? ???????????????# ##%#### """#????? | | ?????????????????????????## =[!#?# #????? | | ?????????????????????????## == #?# #????? | | ?????????????????????????#######=#?########????? | | ????????????????????#??######### ##????????????? | | ????????????????????# *[ ##???????????? | | ????????????????????# ?######### #???????????? | | ????????????##??###?# ?????????## #???????????? | | ?????????? # ## ;## ??????????# #???????????? | | ?????????? u #?######### ##??????????? | | ????????? # ## ## ##?????????? | | ????????? at% %d ## #?????????? | | ???????? d ### #?????????? | | ???????? # #?????????? | | ???????? # ##?????????? | | ???????? @ ##??????????? | | ???????? ##???????????? | | ????????? % ##????????????? | | ?????????####### # #####?????????????? | | ??????????????# ?## ##?????????????????? | | ????????????? ???## #??????????????????? | | ??????????? ??????## #??????????????????? | | ??????????? ????????## ##??????????????????? | | ??????????????????????# ##???????????????????? | | ??????????????????????#####????????????????????? | | ???????????????????????????????????????????????? | | ???????????????????????????????????????????????? | | ???????????????????????????????????????????????? | | ???????????????????????????????????????????????? | | ???????????????????????????????????????????????? | | ???????????????????????????????????????????????? | | ???????????????????????????????????????????????? | | ???????????????????????????????????????????????? | | ???????????????????????????????????????????????? | | ???????????????????????????????????????????????? | | ???????????????????????????????????????????????? | | ???????????????????????????????????????????????? | | ???????????????????????????????????????????????? | | ???????????????????????????????????????????????? | | | +----------------------------------------------------+ Best States ------------- Heat Dissipation 25 Energy Generation 10 Energy Capacity 250 Matter Stores 300 Matter Capacity 300 Sight Range 16 Terrain Scan Density 10 Evasion (%) 55 Kinecelleration 30 Offensive Hacking 10 Item Schematics ----------------- None Robot Schematics ------------------ None Fabricated ------------ Nothing Alien Tech Used ----------------- None Achievements -------------- Tourist Challenges ------------ None Game ------ Seed ProtonGlidesysStorage Manual? 0 Play Time 00:37:11 Cumulative 3.3 hours Start 2024.04.12 @ 10:03:02 End 2024.04.15 @ 13:18:50 Sessions 7 Manual Loads 0 Difficulty Rogue Special Mode None Game No. 6 Rogue 6 Adventurer 0 Explorer 0 Win Type - Total 0 Types 0/0/0/0/0/0/0/0/0 Lore% 10 Gallery% 7 Achievement% 8 Wizard Run 0 Options --------- Layout 0 ASCII 0 Keyboard 0 Movement Arrows Keybinds 0 Fullscreen 1 Font 24/Tamsyn Map View 76x50 Zoom Use 0% Tactical HUD 1 Map Filters NONE Filters NONE Steam 1 RUN: 9c433b77-7e8a-4dee-9218-f6a372cf4765